 Dungeon Crawl Stone Soup version 0.31-a0-187-gba352fbbf7 (webtiles) character file.

Game seed: 13531731526744979642

144 qw the Skirmisher (level 5, -3/29 HPs)
             Began as a Deep Elf Hunter on June 22, 2023.
             Slain by a scorpion (6 damage)
             ... on level 4 of the Dungeon.
             The game lasted 00:00:55 (2236 turns).

qw the Skirmisher (Deep Elf Hunter)                 Turns: 2236, Time: 00:00:56

Health: -3/29      AC:  6    Str: 14    XL:     5   Next: 5%
Magic:  7/7        EV: 16    Int: 16    God:
Gold:   90         SH:  0    Dex: 18    Spells: 4/4 levels left

rFire   . . .        Y - +0 shortbow
rCold   . . .        (shield currently unavailable)
rNeg    . . .        k - +0 ring mail
rPois   .            h - +0 helmet
rElec   .            (no cloak)
rCorr   .            (no gloves)
SInv    .            (no boots)
Will    .....        (no amulet)
Stlth   ++           f - +5 ring of evasion
HPRegen 0.24/turn    a - ring "Niogywur" {Fly Str+4 Int+2 Stlth+}
MPRegen 0.10/turn

%: no passive effects
@: lethally poisoned (-3 -> -8), flying
A: no striking features
a: no special abilities


You were on level 4 of the Dungeon.
You visited 1 branch of the dungeon, and saw 4 of its levels.

You collected 90 gold pieces.


   Skills:
 - Level 1.5 Fighting
 + Level 8.4 Ranged Weapons
 - Level 2.4 Dodging
 - Level 1.2 Stealth


You had 4 spell levels left.
You didn't know any spells.
Your spell library was empty.

Inventory:

Hand Weapons
 Y - a +0 shortbow (weapon)
Armour
 h - a +0 helmet (worn)
 k - a +0 ring mail (worn)
Jewellery
 a - the ring "Niogywur" (right hand) {Fly Str+4 Int+2 Stlth+}
   (You acquired it on level 1 of the Dungeon)

   [ring of flight]

   Str:       It affects your strength (+4).
   Int:       It affects your intelligence (+2).
   Fly:       It grants you flight.
   Stlth:     It makes you more stealthy.
 f - a +5 ring of evasion (left hand)
Scrolls
 b - a scroll of teleportation
 c - a scroll of identify
Potions
 e - a potion of might
 g - a potion of haste
 j - a potion of lignification {unknown}

Dungeon Overview and Level Annotations

Branches:
Dungeon (4/15)
 Temple: D:4-7

Altars:

Annotations:
D:4 Dowan, Duvessa


Message History

You shoot an arrow. The arrow barely misses Dowan.
The arrow closely misses Duvessa.
Dowan hits you with a +0 dagger.
You shoot an arrow.
The arrow hits Dowan but does no damage.
Dowan is severely wounded.
Dowan casts a spell at you. The puff of frost misses you.
You shoot an arrow. The arrow hits Dowan.
Dowan is severely wounded.
Dowan hits you but does no damage. Duvessa hits you with a +0 short sword.
The scorpion misses you.
You shoot an arrow. The arrow hits Dowan.
Dowan is severely wounded.
Dowan hits you but does no damage. Duvessa hits you with a +0 short sword!
The scorpion barely misses you.
You shoot an arrow. The arrow closely misses Dowan.
The scorpion barely misses you. Dowan hits you with a +0 dagger.
Duvessa hits you with a +0 short sword.
You shoot an arrow. The arrow hits Dowan.
Dowan is almost dead.
The scorpion barely misses you. Dowan hits you but does no damage.
Duvessa says, "Where magic fails, the sword succeeds!"
Duvessa barely misses you.
You shoot an arrow. The arrow completely misses Dowan.
The scorpion misses you.
Dowan casts a spell.
Dowan blinks!
Duvessa misses you. The scorpion barely misses you.
You shoot an arrow. The arrow barely misses Duvessa.
Duvessa hits you but does no damage. The scorpion misses you.
You shoot an arrow. The arrow hits Duvessa.
Duvessa is lightly wounded.
Duvessa closely misses you. The scorpion stings you.
You are poisoned.
The scorpion poisons you!
You shoot an arrow. The arrow closely misses Duvessa.
You feel sick. The scorpion closely misses you.
Dowan mumbles some strange words.
Dowan blinks!
Duvessa hits you with a +0 short sword. The scorpion stings you.
You die...

....... ##.......
..... .........
.......####.ยค......
.......##..........
........##..........
.............e.......
.........#...@s......
#..........#.###.....
#.....#.#...# #######
..>.#.#...### #.....#
#...<.### #.....#
..##.....# #.....#
........########.....#
#....................#
#.....%...######..<..#


You could see Duvessa and a scorpion.

Vanquished Creatures
  Terence (D:2)
  Robin (D:2)
  3 adders
  A dart slug (D:1)
  7 endoplasms
  A giant cockroach (D:2)
  16 goblins
  7 hobgoblins
  7 jackals (D:3)
  7 kobolds
  3 quokkas
  7 ball pythons
  7 bats
  3 frilled lizards
  6 rats
77 creatures vanquished.

Notes
Turn   | Place    | Note
-------+----------+-------------------------------------------
     0 | D:1      | qw the Deep Elf Hunter began the quest for the Orb.
     0 | D:1      | Reached XP level 1. HP: 12/12 MP: 3/3
     0 | D:1      | 0 ||| qw: Version: 0.3-a-9-g12657ce
     0 | D:1      | 0 ||| qw: Game counter: 2267
     0 | D:1      | 0 ||| qw: Always use a shield: true
     0 | D:1      | 0 ||| qw: God list: Okawaru
     0 | D:1      | 0 ||| qw: Allow faded altars: false
     0 | D:1      | 0 ||| qw: Do Orc after D:15 true
     0 | D:1      | 0 ||| qw: Do second Lair branch before Depths: true
     0 | D:1      | 0 ||| qw: Lair rune preference: random
     0 | D:1      | 0 ||| qw: Plans: Normal
     0 | D:1      | 0 ||| PLANNING D:1-11
   102 | D:1      | Reached XP level 2. HP: 16/16 MP: 4/4
   127 | D:1      | Reached skill level 6 in Ranged Weapons
   847 | D:1      | Reached XP level 3. HP: 20/20 MP: 5/5
   966 | D:1      | 966 ||| UPGRADING to +0 helmet.
   971 | D:1      | 971 ||| UPGRADING to +0 ring mail.
   981 | D:1      | 981 ||| DROPPING +0 leather armour.
   982 | D:1      | 982 ||| UPGRADING to +5 ring of evasion.
   983 | D:1      | 983 ||| READING scroll labelled WINICE CABE.
   984 | D:1      | 984 ||| READING scroll labelled FONAELL WAOH.
   984 | D:1      | Identified a scroll of acquirement
   984 | D:1      | 984 ||| ACQUIRING ring "Niogywur" {Fly Str+4 Int+2 Stlth+}
   984 | D:1      | Acquired the ring "Niogywur" {Fly Str+4 Int+2 Stlth+}
   986 | D:1      | 986 ||| UPGRADING to ring "Niogywur" {Fly Str+4 Int+2
                  | Stlth+}.
   987 | D:1      | 987 ||| READING scroll labelled SUFFAO VIUDIEKKA.
   988 | D:1      | 988 ||| READING scroll labelled NOINAS LIG PEE.
   989 | D:1      | 989 ||| READING scroll labelled ODO KAOFRUN.
   990 | D:1      | 990 ||| DROPPING scroll of butterflies.
  1116 | D:2      | Reached skill level 7 in Ranged Weapons
  1302 | D:2      | Noticed Terence
  1306 | D:2      | Killed Terence
  1307 | D:2      | Reached XP level 4. HP: 25/25 MP: 6/6
  1433 | D:2      | Noticed Robin
  1452 | D:2      | Killed Robin
  1453 | D:2      | Reached skill level 8 in Ranged Weapons
  1693 | D:2      | 1693 ||| READING 2 scrolls labelled WACKENLERON.
  1889 | D:3      | Reached XP level 5. HP: 29/29 MP: 7/7
  2048 | D:3      | Identified the +0 robe of Sloth {+Blink Int+6}
  2095 | D:3      | 2095 ||| DROPPING +0 robe of Sloth {+Blink Int+6}.
  2096 | D:3      | 2096 ||| READING scroll labelled YCKUOS PILIDGH.
  2097 | D:3      | 2097 ||| READING 3 scrolls of identify.
  2097 | D:3      | 2097 ||| IDENTIFYING sedimented blue potion
  2098 | D:3      | 2098 ||| READING 2 scrolls of identify.
  2098 | D:3      | 2098 ||| IDENTIFYING fuming amethyst potion
  2100 | D:3      | 2100 ||| Stepping ~*~*~tactically~*~*~ (cloud).
  2221 | D:4      | Noticed Dowan
  2222 | D:4      | Noticed Duvessa
  2236 | D:4      | HP: 7/29 [poisoned by a scorpion]
  2236 | D:4      | HP: 3/29 [Duvessa/+0 short sword (4)]
  2236 | D:4      | Slain by a scorpion

Levels and vault maps discovered:
D:1:      dpeg_arrival_morbid_curiosity, layout_loops_corners,
          minmay_box_of_dots
D:2:      cheibrodos_helix_gallery, layout_loops_ring, uniq_terence, uniq_robin
D:3:      layout_rooms
D:4:      layout_rooms, grunt_temple_overflow_open, feat_on_display,
          uniq_eustachio, uniq_duvessa

Skill      XL: |  1  2  3  4 |
---------------+-------------+-----
Ranged Weapons | 6 7 8 |  8.4
Fighting       | |  1.5
Dodging        | |  2.4
Stealth        | |  1.2

Action                     |  1- 3 |  4- 6 || total
---------------------------+-------+-------++-------
   Fire: Shortbow          |    97 |   103 ||   200
    Use: Scroll            |     5 |     4 ||     9
 Armour: Leather armour    |     2 |       ||     2
         Ring mail         |    14 |    22 ||    36
  Dodge: Dodged            |    20 |    61 ||    81

Table legend:
 A = Non-vault XP
 B = Vault XP
 C = Vault XP percentage of total XP
 D = Non-vault monster count
 E = Vault monster count
 F = Vault count percentage of total count
                 A         B        C        D         E       F
            +---------+---------+-------+---------+---------+-------
      Total |     124 |      82 |  39.8 |      55 |      22 |  28.6
            +---------+---------+-------+---------+---------+-------
        D:1 |      30 |      13 |  30.2 |      18 |       8 |  30.8
        D:2 |      45 |      69 |  60.5 |      16 |      14 |  46.7
        D:3 |      47 |       0 |   0.0 |      20 |       0 |   0.0
        D:4 |       2 |       0 |   0.0 |       1 |       0 |   0.0
            +---------+---------+-------+---------+---------+-------
